 Dungeon Crawl Stone Soup version 0.23-a0-644-gb60d84b (webtiles) character file.

502 Borgoz the Ruffian (level 7, -5/59 HPs)
             Began as a Ghoul Gladiator on Jan 1, 2019.
             Shot with an arrow by a centaur (15 damage)
             ... on level 5 of the Dungeon.
             The game lasted 00:04:25 (2557 turns).

Borgoz the Ruffian (Ghoul Gladiator)                Turns: 2557, Time: 00:04:26

Health: -5/59      AC:  6    Str: 18    XL:     7   Next: 17%
Magic:  9/9        EV: 18    Int:  3    God:
Gold:   261        SH:  0    Dex: 17    Spells: 10/10 levels left

rFire    . . .     SeeInvis .     - Unarmed
rCold    + . .     Gourm    .   (no shield)
rNeg     + + +     Faith    .   m - +0 ring mail
rPois    ∞         Spirit   .   b - +0 helmet
rElec    .         Reflect  .   (no cloak)
rCorr    .         Harm     .   (no gloves)
MR       .....                  (no boots)
Stlth    +.........             (no amulet)
HPRegen  0.00/turn              (no ring)
MPRegen  0.11/turn              (no ring)

@: confused, agile, rotting
A: rotting body, claws 1, carnivore, cold resistance 1, negative energy
resistance 3, inhibited regeneration, torment resistance, unbreathing
a: no special abilities


You were on level 5 of the Dungeon.
You were not hungry.

You visited 1 branch of the dungeon, and saw 5 of its levels.

You collected 261 gold pieces.

Inventory:

Missiles
 c - 3 throwing nets (quivered)
Armour
 b - a +0 helmet (worn)
 m - a +0 ring mail (worn)
Jewellery
 k - an uncursed amulet of magic regeneration
 r - an uncursed ring of see invisible {unknown}
Scrolls
 a - 3 scrolls of immolation {unknown}
 e - 2 scrolls of enchant weapon
 g - 4 scrolls of teleportation {unknown}
 h - 5 scrolls of remove curse
 i - a scroll of magic mapping
 l - a scroll of noise {unknown}
 n - a scroll of enchant armour {unknown}
 o - 3 scrolls of amnesia {unknown}
 p - a scroll of blinking {unknown}
 q - a scroll of fog {unknown}
Potions
 f - a potion of resistance
Comestibles
 d - 8 rations
 t - 4 chunks of flesh


   Skills:
 + Level 4.1 Fighting
 - Level 1.7 Throwing
 + Level 2.7 Armour
 + Level 4.0 Dodging
 + Level 4.8 Unarmed Combat
 + Level 2.4 Spellcasting


You had 10 spell levels left.
You didn't know any spells.
Your spell library was empty.

Dungeon Overview and Level Annotations

Branches:
Dungeon (5/15)
 Temple: D:4-7

Altars:
Dithmenos
Gozag
Wu Jian


Innate Abilities, Weirdness & Mutations

Your body is rotting away.
You thrive on raw meat.
You are immune to poison.
You have sharp fingernails.
You are carnivorous and can eat meat at any time.
Your flesh is cold resistant. (rC+)
You are immune to negative energy. (rN+++)
You do not regenerate when monsters are visible.
You are immune to unholy pain and torment.
You can survive without breathing.


Message History

It was a potion of agility.
You feel agile all of a sudden.
You hear a shout!
The orc misses you.
The orc wizard points at you and mumbles some strange words.
You are more confused.
An orc comes into view. It is wielding a +0 whip.
It was a potion of berserk rage.
You cannot raise a blood rage in your lifeless body.
The orc closely misses you.
You're too confused to move!
The orc misses you.
An orc wizard comes into view. It is wielding a +0 dagger.
The orc wizard shouts!
You claw the orc wizard!
The orc wizard is severely wounded.
An orc comes into view. It is wielding a +0 hand axe.
The orc wizard hits you but does no damage.
The orc closely misses you.
The centaur shoots an arrow.
The arrow hits you!
You die...

#.....#######.
#..........$o. #
#...........o. #
#............. #
#.........o... #
#............. #
#....coo...... #
#.....()..?... #
#....@####+###########
#...>.#...............
#.....#...............
#.....#...............
#.....#...............
#.....#...............
#.....#....##.......##
#.....#[...##.......##
#.....#.....#........#


You could see a centaur, 2 orc wizards and 3 orcs.

Vanquished Creatures
  A scorpion (D:5)
  2 howler monkeys
  2 centaur skeletons (D:4)
  Jessica (D:3)
  3 orc wizards
  Ijyb (D:3)
  2 worker ants
  2 hound skeletons (D:4)
  A howler monkey skeleton (D:4)
  5 adders
  An ooze (D:2)
  An adder skeleton (D:3)
  A worm (D:4)
  A dart slug (D:4)
  2 leopard geckos (D:1)
  7 orcs
  3 bats
  6 goblins (D:2)
  8 hobgoblins
  3 frilled lizards
  2 kobolds
  A leopard gecko skeleton (D:4)
  4 rats
60 creatures vanquished.

Notes
Turn   | Place    | Note
-------+----------+-------------------------------------------
     0 | D:1      | Borgoz the Ghoul Gladiator began the quest for the Orb.
     0 | D:1      | Reached XP level 1. HP: 17/17 MP: 0/0
   435 | D:1      | Reached XP level 2. HP: 21/25 MP: 1/1
   661 | D:2      | Reached XP level 3. HP: 18/30 MP: 1/3
   689 | D:2      | Reached skill level 1 in Armour
  1035 | D:3      | Noticed Ijyb
  1061 | D:3      | Killed Ijyb
  1061 | D:3      | Reached skill level 1 in Spellcasting
  1061 | D:3      | Reached XP level 4. HP: 37/37 MP: 4/4
  1194 | D:3      | Noticed Jessica
  1200 | D:3      | Killed Jessica
  1207 | D:3      | Found an opulent altar of Gozag.
  1208 | D:3      | Found a shadowy altar of Dithmenos.
  1293 | D:3      | Found an ornate altar of the Wu Jian Council.
  1783 | D:3      | Reached XP level 5. HP: 31/45 MP: 4/6
  1909 | D:4      | Reached XP level 6. HP: 48/51 MP: 7/7
  2377 | D:5      | Entered Level 5 of the Dungeon
  2470 | D:5      | Reached XP level 7. HP: 52/58 MP: 9/9
  2557 | D:5      | Shot with an arrow by a centaur

Vault maps used:
D:1:      nzn_arrival_crosshair
D:3:      nicolae_overflow_hidden_temple, minitemple, uniq_jessica, uniq_ijyb
D:4:      first_ration
D:5:      grunt_gozag_breadcrumbs

Skill      XL: |  1  2  3  4  5  6  7 |
---------------+----------------------+-----
Dodging        | 3 4 |  4.0
Armour         | 1 2 |  2.7
Spellcasting   | 1 2 |  2.4
Fighting       | 3 4 |  4.1
Unarmed Combat | 4 |  4.8
Throwing       | |  1.7

Action                   |  1- 3 |  4- 6 |  7- 9 || total
-------------------------+-------+-------+-------++-------
Melee: Unarmed           |   110 |   119 |    21 ||   250
       Punch             |       |     2 |     1 ||     3
  Use: Scroll            |     4 |       |       ||     4
       Potion            |       |     1 |     2 ||     3
  Eat: Chunk             |    12 |    10 |       ||    22
Armor: Ring mail         |    39 |    35 |     8 ||    82
       Leather armour    |     3 |       |       ||     3
Dodge: Dodged            |    76 |    86 |    25 ||   187

Table legend:
 A = Non-vault XP
 B = Vault XP
 C = Vault XP percentage of total XP
 D = Non-vault monster count
 E = Vault monster count
 F = Vault count percentage of total count
                 A         B        C        D         E       F
            +---------+---------+-------+---------+---------+-------
      Total |     646 |      72 |  10.0 |      58 |       2 |   3.3
            +---------+---------+-------+---------+---------+-------
        D:1 |      13 |       0 |   0.0 |       7 |       0 |   0.0
        D:2 |      54 |       0 |   0.0 |      16 |       0 |   0.0
        D:3 |     112 |      72 |  39.1 |      12 |       2 |  14.3
        D:4 |     246 |       0 |   0.0 |      14 |       0 |   0.0
        D:5 |     221 |       0 |   0.0 |       9 |       0 |   0.0
            +---------+---------+-------+---------+---------+-------
